 Dungeon Crawl Stone Soup version 0.31-a0-1074-g0b22e4e0f1 (webtiles) character file.

Game seed: 11327814564210108860

76 drugrobin the Sneak (level 3, -12/30 HPs)
             Began as a Demigod Delver on Dec 7, 2023.
             Killed by nerve-wracking pain
             ... invoked by an orc priest
              (13 damage)
             ... on level 3 of the Dungeon.
             The game lasted 00:06:29 (755 turns).

drugrobin the Sneak (Demigod Delver)                 Turns: 755, Time: 00:06:30

Health: -12/30     AC:  7    Str: 17    XL:     3   Next: 89%
Magic:  5/5        EV: 11    Int: 12    God:
Gold:   12         SH:  0    Dex: 15    Spells: 2/2 levels left

rFire   . .          .
                       - Unarmed
rCold   + . .        (no shield)
rNeg    . . .        d - +2 ring mail {rC+}
rPois   .            (no helmet)
rElec   .            (no cloak)
rCorr   +            (no gloves)
SInv    .            (no boots)
Will    .....        (no amulet)
Stlth   ++           g - ring of flight
HPRegen 0.25/turn    h - ring of resist corrosion
MPRegen 0.09/turn

%: no passive effects
@: flying
A: high MP 1, forlorn, divine attributes
a: no special abilities


You were on level 3 of the Dungeon.
You visited 1 branch of the dungeon, and saw 4 of its levels.

You collected 12 gold pieces.

Inventory:

Armour
 a - a +0 leather armour
 d - a +2 ring mail of cold resistance (worn)
Jewellery
 g - a ring of flight (left hand)
 h - a ring of resist corrosion (right hand)
Wands
 f - a wand of digging (3)
Scrolls
 b - a scroll of fog
 e - 2 scrolls of identify {unknown}
 i - a scroll of silence {unknown}
Potions
 c - a potion of enlightenment {unknown}
 j - 2 potions of lignification {unknown}
 k - a potion of haste


   Skills:
 - Level 2.6 Fighting
 - Level 1.7 Dodging
 - Level 4.5 Stealth
 + Level 4.0 Unarmed Combat


You had 2 spell levels left.
You didn't know any spells.
Your spell library was empty.

Dungeon Overview and Level Annotations

Branches:
Dungeon (5/15)
 Temple: D:4-7

Shops:
D:4 :

Annotations:
D:3 2 transporters, Grinder, Ijyb, Sigmund
D:4 Eustachio


Innate Abilities, Weirdness & Mutations

You have an increased reservoir of magic. (+10% MP)
You shall have no god before yourself.
Your divine heritage dramatically boosts your attributes as you level up.


Message History

The endoplasm quivers.
The orc priest barely misses you. The orc hits you with a +0 war axe.
* * * LOW HITPOINT WARNING * * *
The rat misses you. The rat attacks as it pursues you!
The rat closely misses you.
Unknown command.
Unknown command.
Unknown command.
You hit the rat.
You kill the rat!
The orc closely misses you. The orc priest closely misses you.
The rat bites you.
* * * LOW HITPOINT WARNING * * *
Unknown command.
Unknown command.
Unknown command.
The orc hits you with a +0 war axe.
* * * LOW HITPOINT WARNING * * *
The orc priest hits you but does no damage.
The rat attacks as it pursues you! The rat bites you but does no damage.
Unknown command.
Unknown command.
Unknown command.
You bump into the rock wall.
The orc priest misses you.
The orc priest looks encouraged for a moment.
The kobold closely misses you. The rat bites you but does no damage.
Unknown command.
Unknown command.
You hit the rat. You punch the rat.
You kill the rat!
You feel less confused. The orc priest completely misses you.
The orc priest closely misses you. The kobold barely misses you.
Unknown command.
Unknown command.
You hit the orc but do no damage. The orc barely misses you.
The orc priest barely misses you.
The orc priest mumbles some strange prayers to Beogh against you.
Pain shoots through your body!
You die...

######## #######
.......######.oo@K##...
...[...........o{o......
................J..........#
...####....................#
..## ####.................#
#©# K#.................# ###
###.................# .5K
#..................# .#
.......!..........#


You could see 2 orc priests, 2 orcs, an endoplasm and a kobold.

Vanquished Creatures
  3 gnolls
  2 adders
  A worm (D:2)
  A dart slug (D:4)
  3 orcs (D:3)
  2 ball pythons
  2 giant cockroaches
  2 hobgoblins (D:3)
  2 bats (D:2)
  A frilled lizard (D:3)
  3 goblins
  3 rats (D:3)
25 creatures vanquished.

Notes
Turn   | Place    | Note
-------+----------+-------------------------------------------
     0 | D:5      | drugrobin the Demigod Delver began the quest for the Orb.
     0 | D:5      | Reached XP level 1. HP: 18/18 MP: 3/3
    11 | D:5      | Noticed a jelly
    24 | D:5      | Noticed a gnoll bouda
    61 | D:4      | Noticed Eustachio
   137 | D:4      | Found Pyiwokh's Self-Published Books.
   222 | D:3      | Reached XP level 2. HP: 12/25 MP: 4/4
   285 | D:3      | Noticed Sigmund
   319 | D:3      | Found a transporter.
   465 | D:3      | Noticed Grinder
   493 | D:2      | Reached XP level 3. HP: 3/30 MP: 5/5
   525 | D:2      | You are sucked into a shaft and drop 2 floors!
   694 | D:3      | Noticed an ancient zyme
   702 | D:3      | Noticed Ijyb
   728 | D:3      | Found a transporter.
   752 | D:3      | HP: 1/30 [orc/+0 war axe (3)]
   755 | D:3      | Killed from afar by an orc priest

Illustrated notes

Levels and vault maps discovered:
D:2:      layout_basic
D:3:      layout_rooms, portal_sewer_entry_e, gammafunk_ghost_abyssal_escape,
          amcnicky_mini_corridor_feature, uniq_grinder, uniq_ijyb, uniq_sigmund
D:4:      layout_gridville, serial_shops, nicolae_square_shop, shop,
          nicolae_inconvenience_store, nicolae_shop_gaudy_bauble,
          nicolae_custom_books, nicolae_specific_store, uniq_duvessa,
          uniq_eustachio
D:5:      layout_rooms, chei_slow_surprise, uniq_menkaure

Skill      XL: |  1  2  3 |
---------------+----------+-----
Unarmed Combat | 2 3 4 |  4.0
Fighting       | |  2.6
Dodging        | |  1.7
Stealth        | |  4.5

Action                     || total
---------------------------++-------
  Melee: Unarmed           ||    93
         Punch             ||     3
    Use: Scroll            ||     2
         Potion            ||     1
   Stab: Sleeping          ||     1
         Distracted        ||     1
 Armour: Ring mail         ||    88
         Leather armour    ||     1
  Dodge: Dodged            ||    86

Table legend: (Time is in decaauts)
 A = Elapsed time spent in this place.
 B = Non-inter-level travel time spent in this place.
 C = Inter-level travel time spent in this place.
 D = Time resting spent in this place.
 E = Time spent auto-exploring this place.
 F = Levels seen in this place.
 G = Mean time per level.
                   A        B        C        D        E       F      G
               +--------+--------+--------+--------+--------+-----+--------+
         Total |    730 |    718 |     12 |     60 |     21 |   4 |  182.5 |
       Dungeon |    730 |    718 |     12 |     60 |     21 |   4 |  182.5 |
               +--------+--------+--------+--------+--------+-----+--------+

Top non-repeatable levels by time:
     D:3: 388 daAuts
     D:4: 141 daAuts
     D:2: 138 daAuts
     D:5: 62 daAuts
